[Event "*** Titled Tuesday 3|2 Blitz"]
[Site "Chess.com"]
[Date "2016.05.03"]
[Round "7"]
[White "Spas_Kozhuharov"]
[Black "Stameny"]
[Result "0-1"]
[WhiteElo "2472"]
[BlackElo "2445"]
[TimeControl "180+2"]
[EndTime "12:35:49 PDT"]
[Termination "Stameny won by resignation"]

1. d4 Nf6 2. c4 e6 3. Nc3 d5 4. cxd5 exd5 5. Bg5 c6 6. e3 Be7 7. Bd3 O-O 8. Qc2 Nbd7 9. Nf3 Re8 10. O-O Nf8 11. h3 g6 12. Rab1 a5 13. a3 Ne6 14.
Bxf6 Bxf6 15. b4 axb4 16. axb4 b5 17. Rfd1 Bd7 18. Ne5 Qe7 19. Ne2 Rec8 20. Qc3 Be8 21. Ra1 Bg7 22. Rxa8 Rxa8 23. Nxc6 Qc7 24. Bxb5 Bf8 25.
Rc1 Qb6 26. Qd3 Bxb4 27. Nxb4 Bxb5 28. Nxd5 Bxd3 29. Nxb6 Ra6 30. Nd7 Bxe2 31. d5 Ng5 32. f3 Rd6 33. Rc7 Bb5 34. Ne5 Rxd5 35. f4 Rxe5 36. fxe5 Bd3 37. h4 Ne6 38. Rd7 Bb5 39. Rd5 Be2 40. Kf2 Bg4 41. e4 h6 42. Kg3 Be2 43. Kf2 Ba6 44. Ke3 Bb7 45. Rb5 Bc6 46. Rb6 Bd7 47. g3 Kg7 48. Rb7 Ba4 49. Rb4 Bd1 50.
Rb1 Bg4 51. Rb6 g5 52. hxg5 hxg5 53. Rb8 Bh5 54. Rc8 Bg6 55. Rc1 Nf8 56. Rc7 Kh6 57. Rc8 Ne6 58. Rh8+ Kg7 59. Rc8 Bh5 60. Rc6 Bg4 61. Rc1 Kg6 62. Rc8 Ng7 63. Rg8 Be6 64. Rh8 Nh5 65. Kf3 g4+ 66. Kf2 Bc4 67. Rg8+ Ng7 68.
Rh8 Bb5 69. Ke3 Bd7 70. Kf4 Nh5+ 71. Ke3 Nxg3 72. Kf4 Nh5+ 73. Ke3 Kg5 74. Rg8+ Kh4 75. Rh8 Be6 76. Kf2 Kg5 77. Ke3 Nf4 78. Rg8+ Ng6 79. Rg7 Kh4 80. Rh7+ Kg3 81. Rh5 Kg2 0-1

[Event "*** Titled Tuesday 3|2 Blitz"]
[Site "Chess.com"]
[Date "2016.05.03"]
[Round "7"]
[White "Anton_Demchenko"]
[Black "GeorgMeier"]
[Result "0-1"]
[WhiteElo "2648"]
[BlackElo "2754"]
[TimeControl "180+2"]
[EndTime "12:35:50 PDT"]
[Termination "GeorgMeier won by resignation"]

1. e4 e6 2. d4 d5 3. Nd2 dxe4 4. Nxe4 Nd7 5. Nf3 Ngf6 6. Bd3 c5 7. O-O Nxe4 8.
Bxe4 Nf6 9. Bg5 cxd4 10. Nxd4 Be7 11. Bf3 O-O 12. Re1 Qb6 13. Nb3 Rd8 14. Qe2 a5 15. a4 Bd7 16. Qe3 Qb4 17. Bf4 Bc6 18. Bxc6 bxc6 19. Be5 Ng4 20. Qf3 Nxe5 21. Rxe5 Bf6 22. Re4 Qb6 23. Rc4 Rd5 24. Rb1 Rad8 25. g3 R8d6 26.
Qe2 h5 27. Kg2 g6 28. Re4 Qd8 29. Rc4 Re5 30. Qf3 Rf5 31. Qe2 Qb6 32. Re4 Kg7 33. Rc4 Rd8 34. Re4 Rfd5 35. Rc4 Re5 36. Re4 Rdd5 37.
Rxe5 Rxe5 38. Qc4 Rd5 39. h4 Qc7 40. Qe4 Qd6 41. Qe2 Bd8 42. Rf1 Bf6 43. Rb1 Bd8 44. Re1 Bb6 45. Qc4 Rf5 46. Re2 Kf8 47. Qe4 Qd5 48. Nd2 Ke7 49. Nf3 Qxe4 50. Rxe4 Bc7 51. Rc4 Kd7 52. Nd4 Rd5 53. Nxc6 e5 54. Na7 Bb6 55.
Nb5 Rd2 56. Kh3 Rxf2 57. Nc3 f5 58. Nd5 Bd4 59. c3 Kd6 60. cxd4 Kxd5 61. Rc5+ Kxd4 62. Rxa5 Rxb2 63. Ra6 e4 64. Rxg6 e3 65. Re6 Ra2 66.
Rf6 e2 67. Re6 Kd3 68. a5 Rxa5 69. Kg2 Ra1 70. Rd6+ Kc2 71. Rc6+ Kb3 72. Rb6+ Kc4 73. Rc6+ Kd5 0-1

[Event "*** Titled Tuesday 3|2 Blitz"]
[Site "Chess.com"]
[Date "2016.05.03"]
[Round "7"]
[White "Hikaru"]
[Black "dretch"]
[Result "1/2-1/2"]
[WhiteElo "2848"]
[BlackElo "2586"]
[TimeControl "180+2"]
[EndTime "12:35:56 PDT"]
[Termination "Game drawn - insufficient material"]

1. c4 c6 2. d4 d5 3. Nf3 Nf6 4. e3 Bg4 5. Qb3 Qb6 6. Nc3 e6 7. h3 Bxf3 8. gxf3 Nbd7 9. Bd2 Be7 10. Qxb6 axb6 11. b3 dxc4 12. bxc4 e5 13. d5 Bb4 14. e4 Ra3 15. Nb1 Bxd2+ 16. Nxd2 Ke7 17. h4 Rha8 18. Bh3 Rxa2 19. Rxa2 Rxa2 20. Ke2 Nc5 21. Rb1 Nh5 22. Kd1 Nf4 23. Bf1 Na4 24.
Kc1 Kd6 25. Rb3 h5 26. Re3 f6 27. Rb3 g5 28. hxg5 fxg5 29. Re3 h4 30. c5+ Kxc5 31. Bc4 Ra1+ 32. Kc2 Rg1 33. Bb3 h3 34. Bxa4 h2 35. Rc3+ Kd6 36. dxc6 bxc6 37. Rxc6+ Ke7 38. Rh6 h1=Q 39.
Rxh1 Rxh1 40. Nc4 Rf1 41. Nxe5 Rxf2+ 42. Kd1 Ke6 43. Nc6 Kd6 44. e5+ Kd5 45. Nb8 Kxe5 46.
Nd7+ Kd4 47. Nxb6 Rxf3 48. Bd7 Rf2 49. Nc8 Ke3 50. Kc1 Rd2 51. Bf5 Ne2+ 52. Kb1 Rd5 53. Bg4 Kf4 54. Bxe2 Rd8 55. Ne7 Re8 56. Nd5+ Ke5 57.
Ne3 Kd4 58. Nf5+ Kc3 59. Bh5 Re1+ 60. Ka2 Re5 61. Bg4 Ra5+ 62. Kb1 Ra4 63. Bd1 Rf4 64.
Ng3 Kd2 65. Bh5 Rb4+ 66. Ka2 Ke3 67. Ka3 Rb8 68. Ka4 Rh8 69. Nf5+ Kf4 70. Ng7 Ke5 71. Bd1 g4 72. Bxg4 Rh4 73. Kb5 Rxg4 74. Ne8 Rg1 75. Kc6 Rc1+ 76. Kd7 Rd1+ 77. Ke7 Ra1 78. Kd7 Ra7+ 79. Kc6 Re7 80. Nc7 Rxc7+ 81. Kxc7 1/2-1/2

[Event "*** Titled Tuesday 3|2 Blitz"]
[Site "Chess.com"]
[Date "2016.05.03"]
[Round "8"]
[White "Blitzstream"]
[Black "Beca95"]
[Result "1-0"]
[WhiteElo "2434"]
[BlackElo "2546"]
[TimeControl "180+2"]
[EndTime "12:40:47 PDT"]
[Termination "Blitzstream won by resignation"]

1. d4 Nf6 2. Bg5 Ne4 3. Bh4 c5 4. f3 g5 5. fxe4 gxh4 6. e3 d6 7. Nf3 Qb6 8. Nc3 Bg7 9. Nd5 Qd8 10. Qd2 Nc6 11. Bb5 Bg4 12. O-O a6 13. Bxc6+ bxc6 14.
Nf4 cxd4 15. exd4 Bh6 16. h3 Bxf3 17. Rxf3 e5 18. dxe5 Qb6+ 19. Kh1 dxe5 20. Qc3 f6 21. Nh5 O-O-O 22. Rxf6 Bg5 23. Rxc6+ 1-0

[Event "*** Titled Tuesday 3|2 Blitz"]
[Site "Chess.com"]
[Date "2016.05.03"]
[Round "8"]
[White "FearNoEvil12"]
[Black "simonachess"]
[Result "1-0"]
[WhiteElo "1917"]
[BlackElo "2115"]
[TimeControl "180+2"]
[EndTime "12:40:48 PDT"]
[Termination "FearNoEvil12 won by resignation"]

1. e4 d6 2. Nc3 Nf6 3. f4 g6 4.
Nf3 Bg7 5. Bc4 O-O 6. f5 gxf5 7. d3 fxe4 8. dxe4 c6 9. Bb3 e6 10. Bg5 Qa5 11. O-O d5 12. e5 Ng4 13. Qe1 d4 14.
Ne4 Nxe5 15. Nf6+ Bxf6 16. Qxa5 1-0

[Event "*** Titled Tuesday 3|2 Blitz"]
[Site "Chess.com"]
[Date "2016.05.03"]
[Round "8"]
[White "FLchessplayer"]
[Black "Badouuu"]
[Result "0-1"]
[WhiteElo "2058"]
[BlackElo "2003"]
[TimeControl "180+2"]
[EndTime "12:40:49 PDT"]
[Termination "Badouuu won by checkmate"]

1. e4 c5 2. Nf3 Nc6 3. c3 g6 4. d4 cxd4 5. cxd4 Bg7 6. h3 d6 7. Nc3 Nf6 8. Be3 O-O 9. Qd2 Re8 10. Rc1 Qa5 11. Bd3 Qh5 12. Be2 Qa5 13. a3 e5 14.
d5 Ne7 15. Bd3 a6 16. Ng1 Bd7 17. f3 Rac8 18. Nge2 b5 19. Kf2 Qd8 20. Rhd1 Rf8 21. Kg1 Nh5 22. Kh2 f5 23. Bh6 f4 24. Bxg7 Kxg7 25. Bc2 g5 26. Bb3 Ng6 27. Na2 Nh4 28. Rxc8 Qxc8 29. Rc1 Qe8 30. Rc7 Rf7 31. Qb4 Qe7 32.
Qa5 Qf6 33. Qxa6 g4 34. hxg4 Nxf3+ 35. gxf3 Qh4+ 36. Kg2 Ng3 37. Nac3 Qh1+ 38. Kf2 Qf1# 0-1

[Event "*** Titled Tuesday 3|2 Blitz"]
[Site "Chess.com"]
[Date "2016.05.03"]
[Round "8"]
[White "NaziPaiki"]
[Black "Colombiano07"]
[Result "1-0"]
[WhiteElo "2609"]
[BlackElo "2275"]
[TimeControl "180+2"]
[EndTime "12:41:30 PDT"]
[Termination "NaziPaiki won by resignation"]

1. e4 c5 2. Nf3 Nc6 3. d4 cxd4 4. Nxd4 e5 5. Nb5 d6 6. N1c3 a6 7. Na3 b5 8. Nd5 Nf6 9. Bg5 Qa5+ 10. Bd2 Qd8 11. Nxf6+ Qxf6 12. c4 b4 13. Nc2 Rb8 14. Ne3 Qd8 15. Nd5 a5 16. Bd3 Be7 17. O-O O-O 18.
Be3 Bg5 19. Rc1 Bxe3 20. fxe3 Be6 21. c5 Ne7 22. c6 Rc8 23. c7 Qe8 24. Bb5 Nxd5 25.
Bxe8 Nxe3 26. Qd3 Nxf1 27. Bb5 f5 28. Rxf1 Rxc7 29. Qxd6 Rb7 30. Qxe6+ 1-0

[Event "*** Titled Tuesday 3|2 Blitz"]
[Site "Chess.com"]
[Date "2016.05.03"]
[Round "8"]
[White "saraswathii"]
[Black "sandropozo"]
[Result "0-1"]
[WhiteElo "1968"]
[BlackElo "2271"]
[TimeControl "180+2"]
[EndTime "12:42:04 PDT"]
[Termination "sandropozo won by resignation"]

1. e4 e6 2. d3 d5 3. Nd2 Nc6 4.
Ngf3 Nf6 5. e5 Nd7 6. d4 f6 7. exf6 Qxf6 8. c3 e5 9. dxe5 Ndxe5 10. Be2 Bd6 11. Nxe5 Nxe5 12. Nf3 c6 13. O-O O-O 14. Nxe5 Qxe5 15. g3 Bh3 16. Re1 Rxf2 17. Bf3 Bc5 18. Kh1 Qh5 19. Bxh5 Bg2+ 20. Kg1 Rd2+ 0-1

[Event "*** Titled Tuesday 3|2 Blitz"]
[Site "Chess.com"]
[Date "2016.05.03"]
[Round "8"]
[White "Wolverine_master"]
[Black "destroyer305"]
[Result "0-1"]
[WhiteElo "1995"]
[BlackElo "2247"]
[TimeControl "180+2"]
[EndTime "12:42:06 PDT"]
[Termination "destroyer305 won by resignation"]

1. Nf3 c5 2. b3 Nc6 3. Bb2 Nf6 4. e3 g6 5. d4 Bg7 6. Be2 cxd4 7. exd4 d6 8. O-O O-O 9. Nbd2 b6 10. c4 Bb7 11. d5 Nb8 12. Qc2 Nbd7 13. Ne4 Rc8 14. Nxf6+ Nxf6 15. Qd2 a6 16. a4 Ne4 17. Qc1 a5 18.
Bxg7 Kxg7 19. Qb2+ Kg8 20. Nd4 Nc5 21. f4 e6 22. Bf3 Qf6 23. Rad1 exd5 24. cxd5 Rfe8 25.
Qf2 Ne4 26. Bxe4 Rxe4 27. Nb5 Rc5 28. Rde1 Bxd5 29. Rxe4 Bxe4 30. Re1 d5 31. Rd1 Rc2 32. Qd4 Rxg2+ 33. Kf1 Qxf4+ 34. Ke1 Qh4+ 35. Kf1 Qxh2 0-1

[Event "*** Titled Tuesday 3|2 Blitz"]
[Site "Chess.com"]
[Date "2016.05.03"]
[Round "8"]
[White "PowerThinking2650"]
[Black "Spas_Kozhuharov"]
[Result "0-1"]
[WhiteElo "2175"]
[BlackElo "2475"]
[TimeControl "180+2"]
[EndTime "12:42:28 PDT"]
[Termination "Spas_Kozhuharov won by resignation"]

1. e4 c6 2. d4 d5 3. Nc3 dxe4 4. Nxe4 Nd7 5. Ng5 Ngf6 6. Bd3 e6 7. N1f3 Bd6 8. Qe2 h6 9. Ne4 Nxe4 10. Qxe4 Qc7 11.
Qg4 Kf8 12. Qe4 b6 13. Qe2 c5 14. Be4 Rb8 15. O-O cxd4 16. Nxd4 Bxh2+ 17. Kh1 Bf4 18. Nc6 Bxc1 19. Nxb8 Bxb2 20. Nxd7+ Bxd7 21. Rad1 Bf6 22. Qd3 Ke7 23. Qa3+ Ke8 24. Qd6 Qxd6 25. Rxd6 Be5 26. Rd3 Bb5 27. Rc1 Bxd3 28. cxd3 Kd7 29. d4 Bxd4 30.
Rd1 e5 31. f4 Kd6 32. fxe5+ Kxe5 33. Bf3 Rd8 34. g3 f5 35. Kg2 g5 0-1

[Event "*** Titled Tuesday 3|2 Blitz"]
[Site "Chess.com"]
[Date "2016.05.03"]
[Round "8"]
[White "iturrizaga"]
[Black "Hikaru"]
[Result "1-0"]
[WhiteElo "2593"]
[BlackElo "2835"]
[TimeControl "180+2"]
[EndTime "12:42:32 PDT"]
[Termination "iturrizaga won by resignation"]

1. Nf3 d5 2. c4 d4 3. b4 Nf6 4.
Bb2 Bg4 5. Nxd4 e5 6. Nc2 Nbd7 7. g3 h5 8. h3 Be6 9. d3 c6 10. Bg2 Qc7 11. Nd2 O-O-O 12. a4 e4 13. Nxe4 Nxe4 14.
Bxe4 Nf6 15. Bg2 Bxc4 16. O-O Bd5 17. b5 Bc5 18. d4 h4 19. g4 Bd6 20. Qd3 Rhe8 21.
bxc6 Kb8 22. f3 Bxc6 23. e4 Qe7 24. Rfd1 Nd7 25. Ba3 Ne5 26. dxe5 Bc5+ 27. Bxc5 Qxc5+ 28. Nd4 1-0

[Event "*** Titled Tuesday 3|2 Blitz"]
[Site "Chess.com"]
[Date "2016.05.03"]
[Round "8"]
[White "Alexander_Donchenko"]
[Black "Stameny"]
[Result "1-0"]
[WhiteElo "2640"]
[BlackElo "2429"]
[TimeControl "180+2"]
[EndTime "12:42:37 PDT"]
[Termination "Alexander_Donchenko won on time"]

1. e4 c5 2. Nf3 d6 3. d4 cxd4 4. Nxd4 Nf6 5. Nc3 g6 6. Be3 Bg7 7. f3 a6 8. Bc4 b5 9. Bb3 Bb7 10. Qd2 h5 11. O-O-O Nbd7 12. h3 Rc8 13. g4 Ne5 14. g5 Nfd7 15. Nd5 Nc4 16. Bxc4 Rxc4 17. b3 Rc8 18. f4 Nc5 19. Qg2 e6 20. f5 gxf5 21.
Nxf5 Be5 22. Nf6+ Kf8 23. g6 fxg6 24. Nxd6 Bxf6 25. Nxb7 Nxb3+ 26. axb3 Qc7 27. Nc5 Kf7 28. Rd7+ 1-0

[Event "*** Titled Tuesday 3|2 Blitz"]
[Site "Chess.com"]
[Date "2016.05.03"]
[Round "8"]
[White "exoticprincess"]
[Black "AdrianaNikolova"]
[Result "1-0"]
[WhiteElo "2812"]
[BlackElo "2278"]
[TimeControl "180+2"]
[EndTime "12:42:40 PDT"]
[Termination "exoticprincess won by resignation"]

1. b3 e5 2. Bb2 d6 3. e3 Nf6 4. Ne2 Bg4 5. f3 Bh5 6. Nbc3 Nc6 7. d4 exd4 8. exd4 Be7 9. Qd2 O-O 10. O-O-O Bg6 11. Nf4 a5 12. h4 Nb4 13. Nxg6 fxg6 14. Kb1 Kh8 15. g4 c6 16. h5 gxh5 17. d5 Nfxd5 18.
Nxd5 Nxd5 19. Rxh5 Bf6 20. Bd3 Bxb2 21. Rxh7+ Kg8 22. Rdh1 Qf6 23. g5 Nc3+ 24. Qxc3 Bxc3 25. g6 1-0

[Event "*** Titled Tuesday 3|2 Blitz"]
[Site "Chess.com"]
[Date "2016.05.03"]
[Round "8"]
[White "LyonBeast"]
[Black "ShimanovAlex"]
[Result "1-0"]
[WhiteElo "2799"]
[BlackElo "2658"]
[TimeControl "180+2"]
[EndTime "12:42:47 PDT"]
[Termination "LyonBeast won by resignation"]

1. e4 c6 2. d4 d5 3. e5 Bf5 4.
Nf3 e6 5. Be2 Ne7 6. O-O h6 7.
Nbd2 Nd7 8. Nb3 g5 9. Ne1 Qc7 10.
Nd3 Ng6 11. Be3 O-O-O 12. Rc1 f6 13. exf6 Nxf6 14. c4 Bd6 15. g3 Kb8 16. c5 Be7 17. Re1 Nd7 18. Bg4 Nf6 19. Bxf5 exf5 20. Ne5 Rdg8 21.
Nxg6 Rxg6 22. Bd2 h5 23. Re5 h4 24. Qf3 hxg3 25. fxg3 Ne4 26. Ba5 b6 27. cxb6 axb6 28.
Bxb6 Qxb6 29. Rxe7 Rgh6 30. Qxf5 Rxh2 31. Qe5+ Ka8 32. Re8+ 1-0

[Event "*** Titled Tuesday 3|2 Blitz"]
[Site "Chess.com"]
[Date "2016.05.03"]
[Round "8"]
[White "Aygehovit1992"]
[Black "jk13"]
[Result "1-0"]
[WhiteElo "2503"]
[BlackElo "2405"]
[TimeControl "180+2"]
[EndTime "12:42:59 PDT"]
[Termination "Aygehovit1992 won by resignation"]

1. e4 e5 2. Nf3 Nc6 3. Bb5 Nf6 4. d3 Bc5 5. c3 d6 6. O-O O-O 7. Bg5 a6 8. Bxc6 bxc6 9. Nbd2 h6 10. Bxf6 Qxf6 11.
b4 Ba7 12. h3 Qe7 13. Re1 f5 14.
Nc4 fxe4 15. dxe4 Qf7 16. Na5 Bxh3 17. gxh3 Qxf3 18. Qxf3 Rxf3 19. Nxc6 Bxf2+ 20. Kg2 Raf8 21. Rf1 R3f7 22. Rad1 Bh4 23. Rxf7 Rxf7 24. Rf1 Rf4 25. Rxf4 exf4 26. Kf3 g5 27. Nb8 Be1 28. Nxa6 Bxc3 29. a3 c6 30. Nb8 c5 31. b5 Ba5 32. Nc6 Bc7 33. a4 c4 34. a5 c3 35. b6 Bxb6 36.
axb6 c2 37. b7 c1=Q 38. b8=Q+ Kg7 39. Qc7+ Kh8 40. Qxd6 Qe3+ 41. Kg4 Qxe4 42. Qxh6+ Kg8 43. Qxg5+ Kh8 44. Qf6+ Kh7 45. Qe7+ 1-0

[Event "*** Titled Tuesday 3|2 Blitz"]
[Site "Chess.com"]
[Date "2016.05.03"]
[Round "8"]
[White "Grootneus"]
[Black "Fariasov-inactive"]
[Result "1-0"]
[WhiteElo "2050"]
[BlackElo "2158"]
[TimeControl "180+2"]
[EndTime "12:43:02 PDT"]
[Termination "Grootneus won by resignation"]

1. e4 c5 2. c3 d5 3. exd5 Qxd5 4. d4 Nf6 5. Nf3 Bg4 6. Be2 Nc6 7. O-O cxd4 8. cxd4 e6 9. h3 Bh5 10. Nc3 Qd8 11.
Be3 Be7 12. Qb3 O-O 13. g4 Bg6 14. Rfd1 Nd5 15. Nxd5 exd5 16. Ne5 Qd6 17. Bf4 Nxe5 18. dxe5 Qb6 19. Qxb6 axb6 20. Rxd5 Bc5 21. Bf3 Rfd8 22.
Rxd8+ Rxd8 23. Bxb7 h5 24. a3 hxg4 25. hxg4 Rd3 26.
b4 Bd4 27. Rc1 Rxa3 28. Rc8+ Kh7 29. b5 Ra2 30. Be3 Bxe3 31. fxe3 Re2 32. Rc6 Rxe3 33. Rxb6 Rxe5 34. Bc6 Bd3 35. Rb7 Kg6 36. b6 Re2 37.
Bd5 f5 38. gxf5+ Bxf5 39. Rb8 Rb2 40. b7 Kg5 41. Rg8 1-0

[Event "*** Titled Tuesday 3|2 Blitz"]
[Site "Chess.com"]
[Date "2016.05.03"]
[Round "8"]
[White "Gevorg_Harutjunyan"]
[Black "ChadaevNikolay"]
[Result "1-0"]
[WhiteElo "2619"]
[BlackElo "2559"]
[TimeControl "180+2"]
[EndTime "12:43:04 PDT"]
[Termination "Gevorg_Harutjunyan won by resignation"]

1. e4 c5 2. Nc3 Nc6 3. Bb5 Nd4 4. Bc4 g6 5. Nf3 Bg7 6. Nxd4 cxd4 7. Qf3 Nh6 8. Ne2 O-O 9. d3 Ng4 10. Bb3 d6 11. Qg3 a5 12. a4 Qc7 13. h4 h5 14.
f3 Ne5 15. Nxd4 Qb6 16. Be3 Qb4+ 17. c3 Qb6 18. O-O e6 19. Rae1 Nxd3 20. Nb5 Nc5 21.
Rd1 Rd8 22. Bc2 Qc6 23. e5 d5 24. Qg5 Bd7 25. g4 hxg4 26. h5 gxf3 27. hxg6 Be8 28. gxf7+ Bxf7 29. Rxf3 Ne4 30. Bxe4 dxe4 31. Rxd8+ 1-0

[Event "*** Titled Tuesday 3|2 Blitz"]
[Site "Chess.com"]
[Date "2016.05.03"]
[Round "8"]
[White "evgenyermolaev"]
[Black "Kawhi_Leonard2"]
[Result "1-0"]
[WhiteElo "2297"]
[BlackElo "2083"]
[TimeControl "180+2"]
[EndTime "12:43:08 PDT"]
[Termination "evgenyermolaev won on time"]

1. e4 c5 2. Nf3 d6 3. d4 cxd4 4. Nxd4 Nf6 5. Nc3 g6 6. Be3 Bg7 7. f3 Nc6 8. Qd2 O-O 9. g4 Be6 10. Nxe6 fxe6 11. O-O-O Ne5 12. Be2 Qc8 13. Nb5 Nc4 14.
Qd3 Nxe3 15. Qxe3 Nd7 16. Nd4 Ne5 17. f4 Nc4 18. Qb3 b5 19. Qxb5 Ne3 20. Qb3 Nxd1 21. Nxe6 Nc3 22. Nxf8+ Kxf8 23. bxc3 Rb8 24. Qc4 Qb7 25.
Kd2 Rc8 26. Qd5 Bxc3+ 27. Ke3 Qb6+ 28. Kf3 Bg7 29. Bc4 Rxc4 30. Qxc4 1-0

[Event "*** Titled Tuesday 3|2 Blitz"]
[Site "Chess.com"]
[Date "2016.05.03"]
[Round "8"]
[White "AndrewMcStone"]
[Black "JusticeBot"]
[Result "0-1"]
[WhiteElo "1986"]
[BlackElo "2526"]
[TimeControl "180+2"]
[EndTime "12:43:12 PDT"]
[Termination "JusticeBot won by resignation"]

1. d4 Nf6 2. c4 e6 3. Nc3 Bb4 4.
f3 d5 5. a3 Bxc3+ 6. bxc3 c5 7. cxd5 Nxd5 8. dxc5 Qa5 9. e4 Nf6 10. Be3 O-O 11. Qb3 e5 12. Bc4 Qc7 13. Ne2 Nfd7 14. Bd5 Na6 15. O-O Naxc5 16. Qa2 Rb8 17. c4 b6 18. Ng3 Ba6 19. f4 Nf6 20. Nf5 Ncxe4 21.
fxe5 Nxd5 22. cxd5 Bxf1 23. Rxf1 Nc3 24. Qf2 Nxd5 25.
Qg3 f6 26. Nh6+ Kh8 27. Nf5 fxe5 0-1

[Event "*** Titled Tuesday 3|2 Blitz"]
[Site "Chess.com"]
[Date "2016.05.03"]
[Round "8"]
[White "ArnaudovP"]
[Black "KyronGriffith"]
[Result "1-0"]
[WhiteElo "2401"]
[BlackElo "2308"]
[TimeControl "180+2"]
[EndTime "12:43:18 PDT"]
[Termination "ArnaudovP won by resignation"]

1. e4 e6 2. d4 d5 3. Nd2 c5 4.
Ngf3 Nc6 5. Bb5 Bd6 6. O-O Ne7 7. e5 Bc7 8. dxc5 O-O 9. Re1 Ng6 10. Bxc6 bxc6 11.
Nb3 f6 12. Nbd4 Bd7 13. exf6 Qxf6 14. Bg5 Qf7 15. Qd2 e5 16. Nb3 Rae8 17. Nh4 Ne7 18. c4 d4 19. Rad1 Qxc4 20. Bxe7 Rxe7 21. Nxd4 Ref7 22. Ndf3 Qxc5 23. Qe3 Qb5 24. Nxe5 Re7 25. Nhf3 Bg4 26. Qg5 Bxf3 27. Qxe7 Bxd1 28. Qe6+ Kh8 29. Nf7+ 1-0

[Event "*** Titled Tuesday 3|2 Blitz"]
[Site "Chess.com"]
[Date "2016.05.03"]
[Round "8"]
[White "YuriyKrykun"]
[Black "Schemato"]
[Result "1/2-1/2"]
[WhiteElo "2279"]
[BlackElo "2219"]
[TimeControl "180+2"]
[EndTime "12:43:23 PDT"]
[Termination "Game drawn by agreement"]

1. Nf3 c5 2. c4 Nc6 3. Nc3 g6 4. d4 cxd4 5. Nxd4 Bg7 6. Nc2 Nf6 7. g3 d6 8. Bg2 O-O 9. O-O Be6 10. b3 a6 11. Bb2 Rb8 12. Rc1 Qa5 13. Qd2 Rfc8 14. Rfd1 b5 15. Nd5 Qxd2 16. Rxd2 bxc4 17. Nxf6+ Bxf6 18. Bxf6 cxb3 19. axb3 exf6 20. Ra1 Bxb3 21.
Bxc6 Rxc6 22. Nd4 Rcb6 23. Nxb3 Rxb3 24. Rxa6 Rb2 25. Raxd6 Kg7 26. Kg2 h5 27. e3 f5 28.
Rd7 Rxd2 29. Rxd2 Rb7 30. h4 Kf6 31. Rd4 Ke5 32. Kf3 Ra7 33. Rb4 Ra2 34. Rb5+ Ke6 35. Rb6+ Ke7 36. Rb7+ Ke6 37. Rb6+ Ke7 38. Rb7+ Ke6 39.
Rc7 Rb2 40. Rc4 Ra2 41. e4 fxe4+ 42. Rxe4+ Kf6 1/2-1/2

[Event "*** Titled Tuesday 3|2 Blitz"]
[Site "Chess.com"]
[Date "2016.05.03"]
[Round "8"]
[White "Izoria123"]
[Black "Zlatan56"]
[Result "1-0"]
[WhiteElo "2621"]
[BlackElo "2573"]
[TimeControl "180+2"]
[EndTime "12:43:27 PDT"]
[Termination "Izoria123 won by resignation"]

1. e4 d5 2. exd5 Qxd5 3. Nc3 Qa5 4. Bc4 Nf6 5. d3 Bg4 6. f3 Bd7 7. Ne2 e6 8. O-O Be7 9. Be3 c5 10. Qd2 Nc6 11. a4 a6 12. f4 O-O 13. Ng3 g6 14. Kh1 Qc7 15. Rae1 Rfe8 16. Nce4 Nd4 17. c3 Nf5 18.
Nxf5 exf5 19. Ng5 Rf8 20. Qc2 b5 21. axb5 axb5 22. Bb3 Bd6 23. Qf2 c4 24. Bd4 Nh5 25.
Bd1 Bxf4 26. Nxh7 Kxh7 27. Bxh5 Bxh2 28. Qh4 Qg3 29. Bxg6+ Kxg6 30. Qf6+ Kh7 31. Re3 1-0

[Event "*** Titled Tuesday 3|2 Blitz"]
[Site "Chess.com"]
[Date "2016.05.03"]
[Round "8"]
[White "norwaytoadog"]
[Black "Fh2411"]
[Result "0-1"]
[WhiteElo "2049"]
[BlackElo "2270"]
[TimeControl "180+2"]
[EndTime "12:43:28 PDT"]
[Termination "Fh2411 won by resignation"]

1. e4 c5 2. Nf3 e6 3. d3 a6 4.
g3 b5 5. Bg2 Bb7 6. O-O Nc6 7.
c3 d6 8. Qe2 Nf6 9. a4 Be7 10.
Na3 Qb6 11. h3 O-O 12. Be3 Na5 13. b4 Nb3 14. bxc5 dxc5 15. Rab1 bxa4 16. Nc4 Qc7 17. Bf4 Qd8 18. Rfd1 Nd7 19. Qa2 Bc6 20. Nfe5 Nxe5 21.
Nxe5 Be8 22. d4 cxd4 23. cxd4 Rc8 24. d5 exd5 25. exd5 Bd6 26. Nc6 Qf6 27. Bxd6 Qxd6 28. Qxa4 Nc5 29. Qa3 Bd7 30. Rbc1 Nb7 31. Qxa6 Nd8 32.
Nxd8 Qxa6 0-1

[Event "*** Titled Tuesday 3|2 Blitz"]
[Site "Chess.com"]
[Date "2016.05.03"]
[Round "8"]
[White "Zhani-Z"]
[Black "GulamaliRises"]
[Result "0-1"]
[WhiteElo "2174"]
[BlackElo "2576"]
[TimeControl "180+2"]
[EndTime "12:43:59 PDT"]
[Termination "GulamaliRises won on time"]

1. e4 d6 2. d4 Nf6 3. Nc3 g6 4. Nf3 Bg7 5. Be2 O-O 6. O-O a6 7. a4 b6 8. Re1 Bb7 9. Bf1 e6 10. Bg5 h6 11. Bh4 g5 12. Bg3 Nbd7 13. e5 Nh5 14. exd6 Nxg3 15. dxc7 Qxc7 16. hxg3 Rfd8 17. Qe2 Nf8 18. Rad1 Ng6 19. Ne4 Rac8 20. c3 Qc6 21. Ra1 Re8 22. Ned2 e5 23. dxe5 Nxe5 24. Nxe5 Rxe5 25.
Qg4 Rce8 26. Rxe5 Rxe5 27. Nf3 Re4 28. Qf5 Bc8 29. Bb5 axb5 30. axb5 Qb7 31. Ra7 Qxa7 32. Qxe4 Qd7 33. Qc6 Qxc6 34. bxc6 Kf8 35. Nd2 Ba6 36. Ne4 Ke7 37. g4 Be5 0-1

[Event "*** Titled Tuesday 3|2 Blitz"]
[Site "Chess.com"]
[Date "2016.05.03"]
[Round "8"]
[White "oggy1984"]
[Black "Bentery"]
[Result "0-1"]
[WhiteElo "2318"]
[BlackElo "2363"]
[TimeControl "180+2"]
[EndTime "12:44:08 PDT"]
[Termination "Bentery won by resignation"]

1. e4 e6 2. d4 d5 3. Nc3 Nf6 4. Bg5 Bb4 5. e5 h6 6. Bd2 Bxc3 7. bxc3 Ne4 8. Bd3 Nxd2 9. Qxd2 c5 10. Nf3 Qa5 11.
O-O Nd7 12. Qf4 Qxc3 13. Qg4 O-O 14. Rfe1 c4 15. Bf1 Qxc2 16. h4 Nb6 17. a4 Bd7 18. a5 Na4 19. Rec1 Qf5 20. Qxf5 exf5 21. Rc2 b5 22. axb6 axb6 23. e6 Bxe6 24. Ne5 Rfc8 25. f4 b5 26. Rb1 Rab8 27. Rb4 Kf8 28. Kf2 Ke7 29. Ke3 Kd6 30. Kd2 f6 31. Nf3 Bd7 32.
Ra2 h5 33. Ne1 g6 34. Nc2 Re8 35. g3 Ra8 36. Bg2 Nb6 37. Rxa8 Nxa8 38. Ne3 Nc7 39. Rb1 Bc6 40. Ra1 b4 41. Ra7 Nb5 42. Ra6 Nxd4 43. Bxd5 c3+ 44. Kd3 Kc5 45. Ra5+ Bb5+ 46. Bc4 Rxe3+ 47.
Kxe3 Kxc4 48. Ra8 b3 49. Rc8+ Nc6 0-1

[Event "*** Titled Tuesday 3|2 Blitz"]
[Site "Chess.com"]
[Date "2016.05.03"]
[Round "8"]
[White "KuzubovYuriy"]
[Black "Dlugy"]
[Result "0-1"]
[WhiteElo "2600"]
[BlackElo "2598"]
[TimeControl "180+2"]
[EndTime "12:44:11 PDT"]
[Termination "Dlugy won on time"]

1. d4 d5 2. c4 dxc4 3. Nf3 a6 4. e3 e6 5. Bxc4 c5 6. O-O Nf6 7. e4 b5 8. Bb3 cxd4 9. e5 Nd5 10. Nxd4 Be7 11. Qg4 g6 12. Bh6 Bb7 13. Nc3 Nxc3 14. bxc3 Bd5 15. Rfd1 Bxb3 16. axb3 Qb6 17. Qe2 b4 18. cxb4 Bxb4 19. Rac1 Nd7 20. Rc6 Qb7 21. Qf3 Be7 22. Qc3 Bb4 23. Qh3 Nxe5 24. Nxe6 Qxc6 25. Ng7+ Ke7 26. Qh4+ f6 27. Qxb4+ Kf7 28. Rd6 Rhd8 0-1

[Event "*** Titled Tuesday 3|2 Blitz"]
[Site "Chess.com"]
[Date "2016.05.03"]
[Round "8"]
[White "psv98"]
[Black "cabalista"]
[Result "0-1"]
[WhiteElo "2471"]
[BlackElo "2384"]
[TimeControl "180+2"]
[EndTime "12:44:21 PDT"]
[Termination "cabalista won by resignation"]

1. e4 e5 2. Nf3 Nc6 3. Bc4 Nf6 4. d3 Bc5 5. O-O d6 6. a4 a5 7. c3 O-O 8. h3 h6 9. Na3 Re8 10. Nc2 Ba7 11. Be3 Ne7 12. Bxa7 Rxa7 13. Ne3 Ng6 14. Bb3 c6 15. Re1 d5 16. Qc2 b6 17. Rad1 Rae7 18. Nf5 Bxf5 19. exf5 Nf4 20. Kh2 Qc8 21. g3 N4h5 22. Nh4 e4 23. dxe4 Nxe4 24. Re3 Qc7 25. Rf3 Nexg3 26. Kg2 Ne4 27. Rg1 Ng5 28. f6 Re2 29. Qf5 R8e5 30. Qg4 Nxf3 31. Nxf3 Nxf6 32. Qf4 Rg5+ 0-1